 Dungeon Crawl Stone Soup version 0.27-a0-1242-ge70438ac7b (webtiles) character file.

Game seed: 2598276731821183725

449 Kinoniko the Chopper (level 6, -1/47 HPs)
             Began as a Demonspawn Berserker on June 9, 2021.
             Was a Priest of Trog.
             Slain by an iguana (7 damage)
             ... on level 4 of the Dungeon.
             The game lasted 00:03:30 (4467 turns).

Kinoniko the Chopper (Demonspawn Berserker)         Turns: 4467, Time: 00:03:31

Health: -1/47      AC:  6    Str: 21    XL:     6   Next: 74%
Magic:  6/6        EV:  8    Int:  9    God:    Trog [***...]
Gold:   259        SH: 13    Dex: 12    Spells: 5/5 levels left

rFire    . . .     SeeInvis .   a - +0 hand axe
rCold    + . .     Faith    .   q - +0 kite shield
rNeg     . . .     Spirit   .   k - +1 ring mail {rC+}
rPois    .         Reflect  .   (no helmet)
rElec    .         Harm     .   (no cloak)
rCorr    .         Rampage  .   (no gloves)
Will     .....                  (no boots)
Stlth    +.........             (no amulet)
HPRegen  0.15/turn              (no ring)
MPRegen  0.10/turn              (no ring)

@: on berserk cooldown
A: hooves 2, large bone plates 2, ignite blood 1, sense surroundings 1, strong
1, MP-powered wands
a: Renounce Religion, Berserk, Trog's Hand


You were on level 4 of the Dungeon.
You worshipped Trog.
Trog was most pleased with you.
You visited 1 branch of the dungeon, and saw 4 of its levels.

You collected 259 gold pieces.

Inventory:

Hand Weapons
 a - a +0 hand axe (weapon)
Armour
 c - a +0 scale mail
 k - a +1 ring mail of cold resistance (worn)
 q - a +0 kite shield (worn)
Wands
 e - a wand of digging (8)
Scrolls
 b - a scroll of fog {unknown}
 d - 2 scrolls of teleportation {unknown}
 g - a scroll of amnesia {unknown}
 i - a scroll of immolation {unknown}
 j - a scroll of noise {unknown}
 l - a scroll of holy word {unknown}
 m - 4 scrolls of identify {unknown}
 o - a scroll of enchant armour {unknown}
 p - a scroll of fear {unknown}
 r - a scroll of blinking {unknown}
Potions
 f - a potion of haste


   Skills:
 - Level 3.0 Fighting
 * Level 7.0 Axes
 - Level 1.7 Armour
 - Level 1.7 Dodging


You had 5 spell levels left.
You didn't know any spells.
Your spell library contained the following spells:

 Spells                   Type           Power      Damage    Failure   Level
 Beastly Appendage        Tmut           0%         N/A       99%         1
 Wereblood                Tmut           0%         N/A       100%        2
 Spider Form              Tmut/Pois      0%         N/A       100%        3
 Ice Form                 Ice/Tmut       0%         N/A       100%        4


Dungeon Overview and Level Annotations

Branches:
Dungeon (4/15)
 Temple: D:4-7

Altars:
Elyvilon
Nemelex Xobeh
Trog
Zin
The Shining One

Annotations:
D:4 Robin


Innate Abilities, Weirdness & Mutations

You have hoof-like feet.
You are mostly covered in large bone plates. (SH +6)
Your demonic aura sometimes causes spilled blood to erupt in flames.
You passively map a small area around you.
Your muscles are strong. (Str +2)
You expend magic power (3 MP) to strengthen your wands.


Message History

The orc barely misses you. The iguana bites you.
* * * LOW HITPOINT WARNING * * *
You feel better. The orc hits you with a +0 dagger.
* * * LOW HITPOINT WARNING * * *
The iguana bites you.
* * * LOW HITPOINT WARNING * * *
It was a potion of haste.
You feel yourself speed up. You block the orc's attack.
The iguana closely misses you. The orc hits you but does no damage.
You block the iguana's attack.
It was a potion of cancellation.
Your magical effects are unravelling.
You feel magically purged.
You feel yourself speed up.
You feel yourself slow down. You block the orc's attack.
You block the iguana's attack.
It was a potion of mutation.
You feel extremely strange.
You feel your magical essence link to the dungeon's wands.
You feel stronger.
You feel a strange attunement to the structure of the dungeons.
The orc misses you. The iguana bites you.
* * * LOW HITPOINT WARNING * * *
Unknown command.
You feel better. The orc hits you with a +0 dagger.
* * * LOW HITPOINT WARNING * * *
The iguana bites you!
* * * LOW HITPOINT WARNING * * *
Unknown command.
You slash the iguana!
The iguana is almost dead.
You hit the orc. The orc hits you but does no damage.
You block the iguana's attack.
You hit the iguana but do no damage. Your kick misses the iguana.
The iguana is almost dead.
You slash the orc!
You kill the orc!
Trog accepts your kill. You block the iguana's attack.
You barely miss the iguana.
The iguana is almost dead.
The iguana bites you!
You die...

..###.#########.##
####.#.#####.
.......# #.# #.#.# #.
.......# #.# #.#.#
###. .#####.# #.#
#.#.###... .# #.#
##### # #.#....... .#
#.#
#.....###########.#.
.# #.# #.#.#.'..
##.#. .# #.# #...l.#
, ###.... .# #.#
#.#@#.#h## #......
.#####.# #..)).#g., *
#.#...# .......#
##'###### '####.##.##
.#######
#......#Sw,#....##.#
.#
#.#..#.#,.g#.#####.##
.# #......# .#.# #...
.# #......# #### ####
## #†#..#.#..+)
#......#..####


You could see an iguana, a dart slug, a goblin and a ball python.

Vanquished Creatures
  A black bear (D:4)
  An ogre (D:4)
  A hound (D:4)
  An orc priest (D:4)
  2 orc wizards (D:4)
  A hound skeleton (D:4)
  4 adders
  A white imp (D:4)
  An ufetubus (D:4)
  2 adder skeletons (D:4)
  3 worms
  3 orcs (D:4)
  9 endoplasms
  5 giant cockroaches
  5 goblins
  5 hobgoblins
  4 jackals
  12 kobolds
  2 quokkas
  9 ball pythons
  4 bats
  7 frilled lizards
  3 rats
86 creatures vanquished.

Vanquished Creatures (others)
  4 plants (D:1)
4 creatures vanquished.

Grand Total: 90 creatures vanquished

Notes
Turn   | Place    | Note
-------+----------+-------------------------------------------
     0 | D:1      | Kinoniko the Demonspawn Berserker began the quest for the
                  | Orb.
     0 | D:1      | Reached XP level 1. HP: 18/18 MP: 1/1
   106 | D:1      | Reached skill level 3 in Axes
   395 | D:1      | Gained mutation: You have large cloven feet. [demonic
                  | ancestry]
   395 | D:1      | Reached XP level 2. HP: 24/24 MP: 2/2
   846 | D:1      | Gained mutation: Your demonic aura sometimes causes spilled
                  | blood to erupt in flames. [demonic ancestry]
   846 | D:1      | Reached XP level 3. HP: 28/29 MP: 3/3
  1044 | D:1      | Found a faded altar of an unknown god.
  1387 | D:2      | Reached skill level 4 in Axes
  1520 | D:2      | Reached ** piety under Trog
  2031 | D:2      | Gained mutation: You are partially covered in large bone
                  | plates. (SH +4) [demonic ancestry]
  2031 | D:2      | Reached XP level 4. HP: 32/35 MP: 4/4
  2582 | D:3      | Found a bloodstained altar of Trog.
  3434 | D:4      | Noticed a black bear
  3440 | D:4      | Killed a black bear
  3441 | D:4      | Reached skill level 5 in Axes
  3441 | D:4      | Gained mutation: You have hoof-like feet. [demonic
                  | ancestry]
  3441 | D:4      | Reached XP level 5. HP: 41/41 MP: 5/5
  3537 | D:4      | Reached skill level 6 in Axes
  3542 | D:4      | Gained mutation: You are mostly covered in large bone
                  | plates. (SH +6) [demonic ancestry]
  3542 | D:4      | Reached XP level 6. HP: 47/47 MP: 6/6
  4260 | D:4      | Found a sparkling altar of Nemelex Xobeh.
  4370 | D:4      | Noticed an ice beast
  4376 | D:4      | Reached skill level 7 in Axes
  4380 | D:4      | Reached *** piety under Trog
  4451 | D:4      | Noticed Robin
  4463 | D:4      | Gained mutation: You expend magic power (3 MP) to
                  | strengthen your wands. [potion of mutation]
  4463 | D:4      | Gained mutation: Your muscles are strong. (Str +2) [potion
                  | of mutation]
  4463 | D:4      | Gained mutation: You passively map a small area around you.
                  | [potion of mutation]
  4467 | D:4      | Slain by an iguana

Illustrated notes

Levels and vault maps discovered:
D:1:      eino_arrival_water_star, layout_basic,
          shapermc_ecumenical_altar_totnotflames, lexackson_kobold_supper
D:2:      layout_basic
D:3:      layout_loops_ring, amcnicky_altar_gilded
D:4:      minmay_clustersquares, layout_loops_ring, kennysheep_little_box,
          nemelex_dance_club_becter, grunt_temple_overflow_open, uniq_robin

Skill      XL: |  1  2  3  4  5  6 |
---------------+-------------------+-----
Axes           | 3 4 5 6 7 |  7.0
Fighting       | |  3.0
Armour         | |  1.7
Dodging        | |  1.7

Action                   |  1- 3 |  4- 6 || total
-------------------------+-------+-------++-------
Melee: Hand axe          |   116 |   139 ||   255
       Kick              |    12 |    32 ||    44
Invok: Berserk           |     2 |     6 ||     8
  Use: Potion            |       |     7 ||     7
Armor: Animal skin       |     6 |       ||     6
       Scale mail        |    52 |     3 ||    55
       Ring mail         |       |    54 ||    54
Dodge: Dodged            |   105 |    51 ||   156
Block: Other             |       |     7 ||     7
       Kite shield       |       |    46 ||    46

Table legend: (Time is in decaauts)
 A = Elapsed time spent in this place.
 B = Non-inter-level travel time spent in this place.
 C = Inter-level travel time spent in this place.
 D = Time resting spent in this place.
 E = Time spent auto-exploring this place.
 F = Levels seen in this place.
 G = Mean time per level.
                   A        B        C        D        E       F      G
               +--------+--------+--------+--------+--------+-----+--------+
         Total |   4579 |   4456 |    123 |    606 |   3294 |   4 | 1144.8 |
       Dungeon |   4579 |   4456 |    123 |    606 |   3294 |   4 | 1144.8 |
               +--------+--------+--------+--------+--------+-----+--------+

Top non-repeatable levels by time:
     D:1: 1381 daAuts
     D:4: 1370 daAuts
     D:3: 982 daAuts
     D:2: 845 daAuts
